 Dungeon Crawl Stone Soup version 0.25-a0-302-g9f758675c1 (webtiles) character file.

Game seed: 10435559653255381630, levelgen mode: deterministic

32 mopl the Insei (level 3, 2/17 HPs)
             Began as a Vine Stalker Transmuter on Dec 20, 2019.
             Quit the game on level 2 of the Dungeon.
             The game lasted 00:01:25 (903 turns).

mopl the Insei (Vine Stalker Transmuter)             Turns: 903, Time: 00:01:25

Health: 2/17       AC:  2    Str: 13    XL:     3   Next: 25%
Magic:  1/8        EV: 12    Int: 13    God:
Gold:   20         SH:  0    Dex: 14    Spells: 4/7 levels left

rFire    . . .     SeeInvis .     - Unarmed
rCold    . . .     Gourm    .   (no shield)
rNeg     . . .     Faith    .   b - +0 robe
rPois    .         Spirit   +   (no helmet)
rElec    .         Reflect  .   (no cloak)
rCorr    .         Harm     .   (no gloves)
MR       .....                  (boots currently unavailable)
Stlth    +.........             (no amulet)
HPRegen  0.05/turn              (no ring)
MPRegen  0.11/turn              (no ring)

@: lethally poisoned (2 -> -4), appendage (expiring)
A: fangs 2, talons 3, magic shield, antimagic bite, no potion heal 3, rot
immunity
a: End Transformation


You were on level 2 of the Dungeon.
You were not hungry.
You had grown temporary talons.
You visited 1 branch of the dungeon, and saw 2 of its levels.

You collected 20 gold pieces.

Inventory:

Missiles
 a - 26 arrows
Armour
 b - a +0 robe (worn)
Scrolls
 c - a scroll of teleportation {unknown}
 e - 2 scrolls of remove curse {unknown}
Potions
 g - a potion of cancellation {unknown}
Comestibles
 d - 5 rations


   Skills:
 - Level 0.8 Fighting
 - Level 1.5 Dodging
 + Level 3.4 Unarmed Combat
 + Level 2.7 Spellcasting
 + Level 2.6 Transmutations


You had 4 spell levels left.
You knew the following spells:

 Your Spells              Type           Power        Failure   Level  Hunger
a - Beastly Appendage     Tmut           #.....       9%          1    #......
w - Sticks to Snakes      Tmut           #.......     12%         2    ###....

Your spell library contained the following spells:

 Spells                   Type           Power        Failure   Level  Hunger
 Spider Form              Tmut/Pois      #.........   38%         3    ###....
 Ice Form                 Ice/Tmut       #.......     80%         4    #####..
 Blade Hands              Tmut           #.........   92%         5    ######.


Dungeon Overview and Level Annotations

Branches:
Dungeon (2/15)

Altars:


Innate Abilities, Weirdness & Mutations

You have extremely sharp teeth.
When hurt, damage is shared between your health and your magic reserves.
Your bite disrupts and absorbs the magic of your enemies.
Potions cannot restore your health.
You are immune to rotting.
You have claws for feet.


Message History

You hit the adder. Your kick misses the adder. Your bite misses the adder.
The adder is almost dead.
The adder barely misses you.
You miss the adder. Your kick misses the adder. Your punch misses the adder.
Your bite misses the adder.
The adder is almost dead.
The adder bites you.
* * * LOW HITPOINT WARNING * * *
You are lethally poisoned!
The adder poisons you!
You punch the adder!
You kill the adder!
You have reached level 3!
Your experience leads to an increase in your attributes!
Increase (S)trength, (I)ntelligence, or (D)exterity?
You feel stronger.
* * * LOW HITPOINT WARNING * * *
You feel sick. The bat misses you. The bat barely misses you.
Are you sure you want to abandon this character and quit the game? (Confirm with "yes".)

##################
.................#
...[.........###.#
..##########.###@##
..# #......b....#
..# #.####.###..#
..# #.# #..########
#.# #.###..........
#.# #......########
#.# ######......b.
#.# #.####### #.#
#.#


You could see a bat.

Vanquished Creatures
  An adder (D:2)
  An ooze (D:1)
  A worm (D:2)
  A bat (D:1)
  4 goblins (D:1)
  2 hobgoblins (D:1)
  A frilled lizard (D:1)
  3 kobolds (D:1)
  2 rats (D:1)
16 creatures vanquished.

Notes
Turn   | Place    | Note
-------+----------+-------------------------------------------
     0 | D:1      | mopl the Vine Stalker Transmuter began the quest for the
                  | Orb.
     0 | D:1      | Reached XP level 1. HP: 9/9 MP: 4/4
   222 | D:1      | Reached XP level 2. HP: 8/14 MP: 1/6
   229 | D:1      | Learned a level 2 spell: Sticks to Snakes
   901 | D:2      | Reached XP level 3. HP: 3/17 MP: 1/8
   903 | D:2      | Quit the game

Levels and vault maps discovered:
D:1:      dpeg_arrival_pits, layout_loops_corners
D:2:      layout_loops_ring

Action                   || total
-------------------------++-------
Melee: Unarmed           ||    58
       Bite              ||    11
       Kick              ||     4
 Cast: Beastly Appendage ||     9
 Stab: Sleeping          ||     4
Armor: Robe              ||     5
Dodge: Dodged            ||    33

Table legend:
 A = Non-vault XP
 B = Vault XP
 C = Vault XP percentage of total XP
 D = Non-vault monster count
 E = Vault monster count
 F = Vault count percentage of total count
                 A         B        C        D         E       F
            +---------+---------+-------+---------+---------+-------
      Total |      46 |       0 |   0.0 |      16 |       0 |   0.0
            +---------+---------+-------+---------+---------+-------
        D:1 |      28 |       0 |   0.0 |      14 |       0 |   0.0
        D:2 |      18 |       0 |   0.0 |       2 |       0 |   0.0
            +---------+---------+-------+---------+---------+-------
